 Dungeon Crawl Stone Soup version 0.29.0-4-gdea44cf6ec (webtiles) character file.

Game seed: 6259704216674494790

33 qw the Ruffian (level 3, -9/28 HPs)
             Began as a Ghoul Fire Elementalist on Aug 29, 2022.
             Mangled by a black bear (11 damage)
             ... on level 2 of the Dungeon.
             The game lasted 00:01:06 (1259 turns).

qw the Ruffian (Ghoul Fire Elementalist)            Turns: 1259, Time: 00:01:06

Health: -9/28      AC:  3    Str: 13    XL:     3   Next: 29%
Magic:  4/4        EV: 11    Int: 10    God:
Gold:   18         SH:  0    Dex:  9    Spells: 4/5 levels left

rFire   . . .      SeeInvis .     - Unarmed
rCold   + . .      Faith    .   (no shield)
rNeg    + + +      Spirit   .   e - +0 leather armour
rPois   inf        Reflect  .   (no helmet)
rElec   .          Harm     .   (no cloak)
rCorr   .          Rampage  .   (no gloves)
Will    .....                   (no boots)
Stlth   +.........              (no amulet)
HPRegen 0.00/turn               (no ring)
MPRegen 0.09/turn               (no ring)

@: inhibited regen
A: claws 1, cold resistance 1, negative energy resistance 3, inhibited
regeneration, torment resistance 2, devour on kill
a: no special abilities


You were on level 2 of the Dungeon.
You visited 1 branch of the dungeon, and saw 2 of its levels.

You collected 18 gold pieces.


Innate Abilities, Weirdness & Mutations

You are immune to poison.
You have sharp fingernails.
Your flesh is cold resistant. (rC+)
You are immune to negative energy. (rN+++)
You do not regenerate when monsters are visible.
You are immune to unholy pain and torment.
You thrive by killing the living.


   Skills:
 - Level 1.0 Fighting
 - Level 1.7 Dodging
 - Level 2.1 Stealth
 + Level 2.8 Unarmed Combat
 - Level 1.7 Spellcasting
 - Level 0.7 Conjurations
 - Level 2.4 Fire Magic


You had 4 spell levels left.
You knew the following spells:

 Your Spells              Type           Power      Damage    Failure   Level
a - Foxfire               Conj/Fire      16%        2x1d4     22%         1

Your spell library contained the following spells:

 Spells                   Type           Power      Damage    Failure   Level
 Scorch                   Fire           10%        2d5       22%         2
 Conjure Flame            Conj/Fire      4%         6-21      54%         3
 Inner Flame              Hex/Fire       3%         N/A       58%         3
 Flame Wave               Conj/Fire      4%         2d5       91%         4

Inventory:

Armour
 e - a +0 leather armour (worn)
Scrolls
 a - a scroll of identify {unknown}
Potions
 d - a potion of invisibility {unknown}

Dungeon Overview and Level Annotations

Branches:
Dungeon (2/15)

Altars:
Yredelemnul

Shops:
D:1 [


Message History

a +0 short sword; a kobold corpse
Found 3 stones.
a - a scroll labelled HEAFFURHON
Things that are here:
a +0 short sword; a kobold corpse
There is a stone staircase leading up here.
A goblin comes into view. It is wielding a +0 club.
Found a dagger.
The goblin shouts!
A black bear comes into view.
You scratch the goblin but do no damage.
The goblin hits you but does no damage.
You claw the goblin!
You kill the goblin!
You scratch the black bear.
The black bear is lightly wounded.
The black bear misses you. The black bear claws you. x2
You closely miss the black bear.
The black bear is lightly wounded.
The black bear bites you. The black bear closely misses you. x2
You scratch the black bear.
The black bear is moderately wounded.
The black bear barely misses you. The black bear claws you. x2
You claw the black bear!
The black bear is severely wounded.
The black bear bites you but does no damage.
The black bear claws you.
The black bear claws you but does no damage.
You scratch the black bear.
The black bear is severely wounded.
The black bear goes berserk!
You scratch the black bear.
The black bear is almost dead.
The black bear bites you! The black bear closely misses you.
The black bear barely misses you.
You scratch the black bear but do no damage.
The black bear is almost dead.
The black bear barely misses you. x2; The black bear completely misses you.
The black bear bites you!
You die...

#...........
##...).......
#........>###
#...........#
#............
####..).......(.
#....<......._..
#.##............
# #@...........
#h...........
.?....#.....#
......######.
.......#
........#
..........
.)..........


You could see a black bear (berserk).

Vanquished Creatures
  6 ball pythons (D:1)
  5 endoplasms (D:1)
  A giant cockroach (D:1)
  3 goblins
  4 hobgoblins (D:1)
  2 quokkas (D:1)
  3 bats (D:1)
  2 frilled lizards (D:1)
  A kobold (D:2)
  2 rats (D:1)
29 creatures vanquished.

Notes
Turn   | Place    | Note
-------+----------+-------------------------------------------
     0 | D:1      | qw the Ghoul Fire Elementalist began the quest for the Orb.
     0 | D:1      | Reached XP level 1. HP: 14/14 MP: 2/2
     0 | D:1      | 0 ||| qw: Version: 0.1-a-90-g952f4b7
     0 | D:1      | 0 ||| qw: Game counter: 4245
     0 | D:1      | 0 ||| qw: Always use a shield: true
     0 | D:1      | 0 ||| qw: God list: Okawaru
     0 | D:1      | 0 ||| qw: Allow faded altars: false
     0 | D:1      | 0 ||| qw: Do Orc after D:15 true
     0 | D:1      | 0 ||| qw: Do second Lair branch before Depths: true
     0 | D:1      | 0 ||| qw: Lair rune preference: random
     0 | D:1      | 0 ||| qw: Plans: Normal
     0 | D:1      | 0 ||| PLANNING D:1-11
   137 | D:1      | Reached skill level 1 in Unarmed Combat
   259 | D:1      | Reached skill level 1 in Fighting
   259 | D:1      | Reached XP level 2. HP: 23/23 MP: 3/3
   264 | D:1      | 264 ||| Stepping ~*~*~tactically~*~*~ (outnumbered).
   377 | D:1      | 377 ||| Stepping ~*~*~tactically~*~*~ (stealth).
   382 | D:1      | 382 ||| Stepping ~*~*~tactically~*~*~ (stealth).
   780 | D:1      | Found Gouschi's Armour Emporium.
   783 | D:1      | 783 ||| SHOPLISTING +0 cloak (45 gold, have 0).
   783 | D:1      | 783 ||| SHOPLISTING +0 helmet (45 gold, have 0).
   783 | D:1      | 783 ||| SHOPLISTING +0 ring mail (40 gold, have 0).
   783 | D:1      | 783 ||| SHOPLISTING +1 robe of fire resistance (127 gold,
                  | have 0).
   783 | D:1      | 783 ||| SHOPLISTING +2 scale mail of fire resistance (210
                  | gold, have 0).
   783 | D:1      | 783 ||| SHOPLISTING +5 ring mail of Huvymp {Int+2} (402
                  | gold, have 0).
   846 | D:1      | Reached XP level 3. HP: 28/28 MP: 4/4
  1195 | D:1      | 1195 ||| UPGRADING to +0 leather armour.
  1205 | D:1      | 1205 ||| DROPPING +0 robe.
  1206 | D:1      | 1206 ||| DROPPING +6 ring of intelligence.
  1207 | D:1      | 1207 ||| READING scroll labelled ELAYGUFIASCH.
  1208 | D:1      | 1208 ||| DROPPING potion of magic.
  1232 | D:2      | Found a basalt altar of Yredelemnul.
  1245 | D:2      | Noticed a black bear
  1258 | D:2      | HP: 2/28 [black bear (12)]
  1259 | D:2      | Mangled by a black bear

Levels and vault maps discovered:
D:1:      dpeg_arrival_arbitrary_b, layout_rooms, serial_shops,
          nicolae_shop_behind_doors, minmay_splitting_lines
D:2:      layout_basic, basic_altar, nicolae_wormholes

Skill      XL: |  1  2 |
---------------+-------+-----
Unarmed Combat | 1 2 |  2.8
Fighting       | 1 |  1.0
Dodging        | |  1.7
Stealth        | |  2.1
Spellcasting   | |  1.7
Conjurations   | |  0.7
Fire Magic     | |  2.4

Action                   || total
-------------------------++-------
Melee: Unarmed           ||   108
  Use: Scroll            ||     1
Armor: Robe              ||    13
       Leather armour    ||     3
Dodge: Dodged            ||    61

Table legend:
 A = Non-vault XP
 B = Vault XP
 C = Vault XP percentage of total XP
 D = Non-vault monster count
 E = Vault monster count
 F = Vault count percentage of total count
                 A         B        C        D         E       F
            +---------+---------+-------+---------+---------+-------
      Total |      48 |       0 |   0.0 |      29 |       0 |   0.0
            +---------+---------+-------+---------+---------+-------
        D:1 |      45 |       0 |   0.0 |      27 |       0 |   0.0
        D:2 |       3 |       0 |   0.0 |       2 |       0 |   0.0
            +---------+---------+-------+---------+---------+-------
